 Dungeon Crawl Stone Soup version 0.20.1-1-g8b1a95d (webtiles) character file.

135 Nattfarinn the Skirmisher (level 5, 0/36 HPs)
             Began as a Gargoyle Berserker on Aug 5, 2017.
             Was a Believer of Trog.
             Killed from afar by an orc wizard (7 damage)
             ... with a magic dart
             ... on level 3 of the Dungeon.
             The game lasted 00:03:11 (1858 turns).

Nattfarinn the Skirmisher (Gargoyle Berserker)      Turns: 1858, Time: 00:03:12

Health: 0/36       AC:  8    Str: 20    XL:     5   Next: 18%
Magic:  5/5        EV: 12    Int:  8    God:    Trog [**....]
Gold:   100        SH:  0    Dex: 10    Spells: 4/4 levels left

rFire    + . .     SeeInvis .   p - +2 short sword (speed)
rCold    + . .     Gourm    .   (no shield)
rNeg     + . .     Faith    .   b - +0 animal skin
rPois    ∞         Spirit   .   (no helmet)
rElec    +         Reflect  .   (no cloak)
rCorr    +         Harm     .   e - +1 pair of gloves
MR       .....                  (no boots)
Stlth    +.........             (no amulet)
Regen    0.2/turn               i - ring of wizardry
MPRegen  0.1/turn               (no ring)

@: resistant
A: negative energy resistance 1, electricity resistance, unbreathing,
petrification resistance, rot immunity, AC +4
a: Berserk, Trog's Hand, Burn Spellbooks, Renounce Religion


You were on level 3 of the Dungeon.
You worshipped Trog.
Trog was pleased with you.
You were hungry.

You visited 1 branch of the dungeon, and saw 3 of its levels.

You collected 100 gold pieces.

Inventory:

Hand Weapons
 a - a +0 mace
 p - a +2 short sword of speed (weapon)
Armour
 b - a +0 animal skin (worn)
 e - a +1 pair of gloves (worn)
Jewellery
 i - a ring of wizardry (left hand)
 l - an uncursed amulet of regeneration {unknown}
Scrolls
 d - 2 scrolls of magic mapping {unknown}
 j - a scroll of enchant armour
 m - a scroll of remove curse {unknown}
 o - a scroll of identify {unknown}
 q - a scroll of teleportation {unknown}
Potions
 f - 2 potions of resistance
 k - a potion of magic {unknown}
 n - a potion of flight {unknown}
Comestibles
 c - 4 bread rations
 h - a royal jelly


   Skills:
 * Level 6.3 Fighting
 - Level 3.0 Maces & Flails
 - Level 2.1 Armour
 - Level 1.5 Dodging


You had 4 spell levels left.
You didn't know any spells.

Dungeon Overview and Level Annotations

Branches:
Dungeon (3/15)

Altars:


Innate Abilities, Weirdness & Mutations

You are resistant to torment.
Your stone body is resilient. (AC +4)
You are immune to poison.
You resist negative energy. (rN+)
You are resistant to electric shocks. (rElec)
You can survive without breathing.
You are immune to petrification.
You are immune to rotting.


Message History

You hear some strange, mumbled words.
A magic dart appears from out of thin air!
The magic dart hits you!
You miss something.
Your skin stops crawling.
You feel less resistant to hostile enchantments.
Something hits you.
You hit something. Something hits you.
You closely miss something. Something hits you but does no damage.
You puncture something!
You hear some strange, mumbled words.
A magic dart appears from out of thin air!
The magic dart hits you!
* * * LOW HITPOINT WARNING * * *
You miss something.
Something hits you but does no damage. x2
You miss something.
You hear some strange, mumbled words.
A magic dart appears from out of thin air!
The magic dart hits you!
You die...

..#####.....# #.# .#
............###.####.#
.....##.........>....# #
####.##.....##.......#.#
# #.##.(..........!....
#.#####.###.......". #.#
#.# ##.....#. #.# #.#
#)#.###..# #.. ..#
#)@{.....# ### ###
###..##### ..# .(# #.#
.# .# .#


There were no monsters in sight!

Vanquished Creatures
  An orc wizard (D:3)
  4 adders
  2 worms (D:2)
  4 dart slugs (D:2)
  A leopard gecko (D:1)
  3 orcs (D:3)
  7 bats
  A giant cockroach (D:1)
  7 goblins
  7 hobgoblins
  2 ball pythons
  3 frilled lizards
  6 kobolds
  8 rats
56 creatures vanquished.

Notes
Turn   | Place    | Note
-------+----------+-------------------------------------------
     0 | D:1      | Nattfarinn the Gargoyle Berserker began the quest for the Orb.
     0 | D:1      | Reached XP level 1. HP: 14/14 MP: 1/1
    44 | D:1      | Reached XP level 2. HP: 12/20 MP: 2/2
   183 | D:1      | Reached skill level 4 in Fighting
   466 | D:1      | Reached XP level 3. HP: 23/24 MP: 3/3
   607 | D:2      | Reached ** piety under Trog
   900 | D:2      | Reached skill level 5 in Fighting
  1220 | D:2      | Reached XP level 4. HP: 26/31 MP: 4/4
  1845 | D:3      | Reached skill level 6 in Fighting
  1845 | D:3      | Reached XP level 5. HP: 14/36 MP: 5/5
  1858 | D:3      | Killed from afar by an orc wizard

Skill      XL: |  1  2  3  4 |
---------------+-------------+-----
Fighting       | 4 5 6 |  6.3
Maces & Flails | |  3.0
Armour         | |  2.1
Dodging        | |  1.5

Action                   |  1- 3 |  4- 6 || total
-------------------------+-------+-------++-------
Melee: Mace              |   125 |    43 ||   168
       Short sword       |       |    41 ||    41
Invok: Trog's Hand       |       |     1 ||     1
  Use: Potion            |       |     4 ||     4
       Scroll            |       |     1 ||     1
  Eat: Chunk             |     1 |     2 ||     3
Armor: Animal skin       |    44 |    44 ||    88
Dodge: Dodged            |    97 |    54 ||   151
